 Dungeon Crawl Stone Soup version 0.31-a0-202-g547052bce9 (webtiles) character file.

Game seed: 7571454041210162047

1454 Warped the Sneak (level 8, -8/55 HPs)
             Began as an Octopode Fighter on June 27, 2023.
             Was an Initiate of Vehumet.
             Mangled by a troll (14 damage)
             ... on level 7 of the Dungeon.
             The game lasted 00:11:52 (5417 turns).

Warped the Sneak (Octopode Fighter)                 Turns: 5417, Time: 00:11:52

Health: -8/55      AC:  1    Str: 15    XL:     8   Next: 76%
Magic:  8/12       EV: 14    Int: 10    God:    Vehumet [......]
Gold:   41         SH:  5    Dex: 14    Spells: 9/12 levels left

rFire   . . .        b - +2 short sword (venom)
rCold   . . .        g - +0 buckler
rNeg    . . .        (helmet restricted)
rPois   +            (no amulet)
rElec   .            r - ring of wizardry
rCorr   .            n - ring of see invisible
SInv    +            x - ring of poison resistance
Will    .....        (no ring)
Stlth   ++++         (no ring)
HPRegen 0.29/turn    (no ring)
MPRegen 0.13/turn    (no ring)
                     (no ring)

%: wizardry (x1)
@: no status effects
A: almost no armour, amphibious, 8 rings, camouflage 1, gelatinous body 1,
(nimble swimmer 1), tentacles
a: Renounce Religion


You were on level 7 of the Dungeon.
You worshipped Vehumet.
Vehumet was noncommittal.
You visited 2 branches of the dungeon, and saw 8 of its levels.

You collected 281 gold pieces.
You spent 240 gold pieces at shops.

Inventory:

Hand Weapons
 a - a +0 spectral rapier
 b - a +2 short sword of venom (weapon)
 e - a +2 dagger of venom
 f - a +0 sling
 i - a +0 short sword
 j - a +0 trident
 v - a +0 short sword of draining
 w - a +0 long sword
 y - the +11 mace "Myemp" {flame, Int+5}
   (You found it on level 6 of the Dungeon)

   Int:       It affects your intelligence (+5).
Missiles
 h - 37 stones
 q - 4 poisoned darts (quivered)
Armour
 g - a +0 buckler (worn)
Jewellery
 n - a ring of see invisible (right tentacle)
 r - a ring of wizardry (left tentacle)
 x - a ring of poison resistance (on tentacle)
Wands
 k - a wand of flame (3)
 p - a wand of charming (7)
Scrolls
 d - 2 scrolls of immolation
 m - a scroll of teleportation
 s - a scroll of revelation
Potions
 c - 2 potions of might
 l - a potion of cancellation
 o - a potion of invisibility {unknown}
 t - a potion of haste
 u - 2 potions of curing
 z - 2 potions of berserk rage


   Skills:
 + Level 5.1 Fighting
 + Level 4.6 Short Blades
 + Level 5.0 Dodging
 + Level 5.7 Stealth
 + Level 5.1 Shields
 + Level 2.7 Spellcasting
 + Level 3.6 Poison Magic


You had 9 spell levels left.
You knew the following spells:

 Your Spells              Type           Power      Damage    Failure   Level
a - Sting                 Tmut/Pois      20%        1d4       7%          1
b - Blink                 Tloc           2%         N/A       22%         2

Your spell library contained the following spells:

 Spells                   Type           Power      Damage    Failure   Level
 Freeze                   Ice            4%         1d3       16%         1
 Lesser Beckoning         Tloc           2%         N/A       22%         2
 Momentum Strike          Conj/Tloc      2%         3d8       22%         2
 Frozen Ramparts          Ice            2%         1d1       38%         3
 Gell's Gravitas          Tloc           1%         N/A       38%         3
 Hailstorm                Conj/Ice       1%         3d3       38%         3
 Inner Flame              Hex/Fire       1%         N/A       38%         3
 Teleport Other           Tloc           1%         N/A       38%         3
 Leda's Liquefaction      Hex/Erth       0%         N/A       78%         4
 Discord                  Hex            0%         N/A       100%        8


Dungeon Overview and Level Annotations

Branches:
Dungeon (7/15)             Temple (1/1) D:5

Altars:
Ashenzari
Cheibriados
Dithmenos
Elyvilon
Fedhas
Gozag
Hepliaklqana
Kikubaaqudgha
Makhleb
Nemelex Xobeh
Okawaru
Ru
Sif Muna
Trog
Uskayaw
Vehumet
Wu Jian
Xom
Yredelemnul

Shops:
D:1 :   D:2 =[?=

Annotations:
D:4 2 runed translucent doors
D:5 5 runed translucent doors
D:6 Edmund


Innate Abilities, Weirdness & Mutations

You cannot wear most types of armour.
You are amphibious.
You can wear up to eight rings at the same time.
Your skin changes colour to match your surroundings (Stealth+).
Your rubbery body absorbs attacks. (AC +1, EV +1)
((You are camouflaged when in or above water. (Stealth+)))
You have tentacles for arms and can constrict up to eight enemies at once.


Message History

Confirm with . or Enter, or press ? or * to list all spells.
You are still too unstable to blink.
You hit the troll but do no damage.
The troll looks as sick as possible!
You squeeze the troll, but do no damage.
The troll is moderately wounded.
The troll barely misses you. You block the troll's attack.
The troll barely misses you.
You closely miss the troll.
The troll is moderately wounded.
The troll closely misses you. The troll claws you!
The troll closely misses you.
You hit the troll but do no damage.
The troll looks as sick as possible!
Your squeeze misses the troll.
The troll is moderately wounded.
You block the troll's attack. The troll claws you! The troll barely misses you.
You hit the troll.
The troll looks as sick as possible!
You squeeze the troll.
The troll is heavily wounded.
You feel stable enough to blink again. The troll barely misses you.
The troll misses you. You block the troll's attack.
You closely miss the troll.
The troll is heavily wounded.
The troll bites you but does no damage. The troll claws you!
The troll misses you.
You closely miss the troll.
The troll is heavily wounded.
You block the troll's attack. The troll claws you!
The troll closely misses you.
You hit the troll.
The troll looks as sick as possible!
The troll is heavily wounded.
You hit the troll.
The troll looks as sick as possible!
Your squeeze misses the troll.
The troll is severely wounded.
The troll barely misses you. You block the troll's attack. The troll claws you!
* * * LOW HITPOINT WARNING * * *
Unknown command.
You feel better. The troll bites you!
* * * LOW HITPOINT WARNING * * *
The troll completely misses you. The troll claws you!
You die...

.##'#.......#..#....#
.......).#'##..#....#
.........#.....'....#
.........#.....#....# ####
.........#######....#####..#
.....##### #.[..'......#
.....# #....#......# .....#
#....######## .....#
####+##@.....>..... .
#.....T............ ..
#.................. ~..
+..................
~~..###+#.)................
.........)#####............
~~......(.# #..########..
.~........# #.## ~.
~.........# +##


You could see a troll (extremely poisoned).

Vanquished Creatures
  Prince Ribbit (D:6)
  Sigmund (D:2)
  Duvessa (D:7)
  An ogre (D:5)
  3 phantoms
  2 scorpions
  Dowan (D:7)
  6 hounds
  A gnoll bouda (D:5)
  A sleepcap (D:4)
  3 iguanas
  2 orc wizards
  7 gnolls (D:5)
  3 adders
  An ufetubus (D:4)
  A worm (D:2)
  2 dart slugs
  8 orcs
  3 bats
  7 endoplasms
  2 giant cockroaches (D:2)
  4 goblins
  8 hobgoblins
  9 jackals
  3 quokkas
  7 ball pythons
  4 frilled lizards
  5 kobolds
  7 rats
104 creatures vanquished.

Vanquished Creatures (others)
  An orc (D:7)
1 creature vanquished.

Grand Total: 105 creatures vanquished

Notes
Turn   | Place    | Note
-------+----------+-------------------------------------------
     0 | D:1      | Warped the Octopode Fighter began the quest for the Orb.
     0 | D:1      | Reached XP level 1. HP: 16/16 MP: 1/1
    29 | D:1      | Reached XP level 2. HP: 20/21 MP: 2/2
    82 | D:1      | Found Cidabe's Book Emporium.
   105 | D:1      | Reached skill level 1 in Stealth
   196 | D:1      | Got the Precepts of Twinkling Transmigration
   316 | D:1      | Reached XP level 3. HP: 26/26 MP: 3/3
   604 | D:2      | Found Ecubraac's Jewellery Shoppe.
   620 | D:2      | Found an ancient bone altar of Kikubaaqudgha.
   649 | D:2      | Found Biafooj's Jewellery Boutique.
   678 | D:2      | Noticed Sigmund
   689 | D:2      | Killed Sigmund
   690 | D:2      | Reached XP level 4. HP: 19/33 MP: 4/4
   690 | D:2      | Reached XP level 5. HP: 22/37 MP: 5/5
   942 | D:2      | Found Feim's Armour Emporium.
   954 | D:2      | Found Dolit's Magic Scroll Emporium.
  1102 | D:2      | Learned a level 1 spell: Sting
  1105 | D:2      | Learned a level 2 spell: Blink
  1290 | D:3      | Reached XP level 6. HP: 43/43 MP: 6/6
  1356 | D:3      | Found a faded altar of an unknown god.
  2025 | D:4      | Reached skill level 1 in Poison Magic
  2178 | D:4      | Reached skill level 1 in Spellcasting
  2798 | D:4      | Found a large runed translucent door.
  2799 | D:4      | Found a large runed translucent door.
  2799 | D:4      | Found a shimmering altar of Xom.
  2891 | D:5      | Entered Level 5 of the Dungeon
  2896 | D:5      | Reached XP level 7. HP: 48/48 MP: 8/8
  3186 | D:5      | Found the +9 staff of Olgreb {rPois∞}
  3207 | D:5      | Found a runed translucent door.
  3213 | D:5      | Found a runed translucent gate.
  3567 | D:5      | Noticed a redback
  3568 | D:5      | Noticed a redback
  3569 | D:5      | Found a runed translucent gate.
  3570 | D:5      | Noticed a redback
  3600 | D:5      | Found a staircase to the Ecumenical Temple.
  3618 | D:5      | Noticed a redback
  3655 | D:5      | Found a runed translucent gate.
  3682 | Temple   | Entered the Ecumenical Temple
  4040 | Temple   | Became a worshipper of Vehumet
  4114 | D:5      | Found a runed translucent door.
  4202 | D:2      | Bought a ring of poison resistance for 240 gold pieces
  4309 | D:6      | Reached XP level 8. HP: 51/54 MP: 10/10
  4413 | D:6      | Noticed Prince Ribbit
  4425 | D:6      | Reached skill level 5 in Stealth
  4809 | D:6      | Killed Prince Ribbit
  4810 | D:6      | Reached skill level 5 in Fighting
  4892 | D:6      | Identified the +11 mace "Myemp" {flame, Int+5}
  4899 | D:6      | Noticed Edmund
  5086 | D:6      | Reached skill level 5 in Shields
  5216 | D:7      | Noticed Duvessa
  5217 | D:7      | Noticed Dowan
  5225 | D:7      | Killed Dowan
  5245 | D:7      | Your ally Duvessa died
  5246 | D:7      | Reached skill level 5 in Dodging
  5391 | D:7      | Noticed a troll
  5417 | D:7      | Mangled by a troll

Illustrated notes

Levels and vault maps discovered:
D:1:      shiori_arrival_maze, layout_basic, serial_shops, shop,
          minmay_pentomino_w4
D:2:      layout_rooms, basic_altar, serial_shops, shop, shop_fountains, shop,
          shop, serial_bayou_pond_c, uniq_sigmund
D:3:      layout_loops_ring, hellmonk_ecumenical_altar_run_dry
D:4:      due_chaos_kobolds, layout_basic, chequers_serial_rivers_small_a
D:5:      layout_rooms, minmay_temple_entry_statues, minivault_24,
          minmay_guarded_unrand_staff_of_olgreb
D:6:      layout_loops_cross, minmay_misc_feat_more_columns,
          uniq_prince_ribbit1, uniq_edmund
D:7:      layout_gridville, minitemple, serial_rivers,
          chequers_serial_rivers_micro_a, chequers_serial_rivers_large_b,
          chequers_serial_rivers_micro_a, chequers_serial_rivers_large_a,
          chequers_serial_rivers_marsh, uniq_duvessa, uniq_menkaure, uniq_joseph
Temple:   mainiacjoe_temple_big_plus

Skill      XL: |  1  2  3  4  5  6  7  8 |
---------------+-------------------------+-----
Stealth        | 1 3 4 5 |  5.7
Short Blades   | 3 4 |  4.6
Shields        | 4 5 |  5.1
Fighting       | 4 5 |  5.1
Dodging        | 4 5 |  5.0
Poison Magic   | 1 2 3 |  3.6
Spellcasting   | 1 2 |  2.7

Action                     |  1- 3 |  4- 6 |  7- 9 || total
---------------------------+-------+-------+-------++-------
  Melee: Rapier            |    18 |       |    11 ||    29
         Tentacles         |     9 |    19 |    32 ||    60
         Constrict         |    10 |    21 |    19 ||    50
         Short sword       |    37 |    82 |   123 ||   242
         Punch             |       |     2 |     2 ||     4
   Cast: Sting             |       |       |     6 ||     6
         Blink             |       |       |     1 ||     1
  Evoke: Wand              |       |       |    10 ||    10
    Use: Scroll            |       |    11 |     6 ||    17
         Potion            |       |     1 |     7 ||     8
   Stab: Sleeping          |     6 |    17 |     5 ||    28
 Armour: Skin              |     1 |     3 |     7 ||    11
  Dodge: Dodged            |    29 |    23 |    76 ||   128
  Block: Buckler           |     5 |     7 |    30 ||    42

Table legend: (Time is in decaauts)
 A = Elapsed time spent in this place.
 B = Non-inter-level travel time spent in this place.
 C = Inter-level travel time spent in this place.
 D = Time resting spent in this place.
 E = Time spent auto-exploring this place.
 F = Levels seen in this place.
 G = Mean time per level.
                   A        B        C        D        E       F      G
               +--------+--------+--------+--------+--------+-----+--------+
         Total |   5382 |   5109 |    273 |    627 |   3454 |   8 |  672.8 |
       Dungeon |   5001 |   4780 |    221 |    627 |   3191 |   7 |  714.4 |
        Temple |    380 |    328 |     52 |      0 |    263 |   1 |  380.0 |
               +--------+--------+--------+--------+--------+-----+--------+

Top non-repeatable levels by time:
     D:4: 1065 daAuts
     D:6: 923 daAuts
     D:5: 891 daAuts
     D:3: 671 daAuts
     D:2: 619 daAuts
     D:1: 602 daAuts
  Temple: 380 daAuts
     D:7: 227 daAuts
